 Dungeon Crawl Stone Soup version 0.29-a0-40-g8eb35efe60 (webtiles) character file.

Game seed: 13033321623090548075

1988 Spectrina the Martial Artist (level 9, -1/70 HPs)
             Began as a Purple Draconian Monk on Jan 31, 2022.
             Was a Believer of Wu Jian.
             Slain by an orc knight (17 damage)
             ... in a bailey on Feb 2, 2022.
             The game lasted 00:32:29 (3122 turns).

Spectrina the Martial Artist (DrMo)                 Turns: 3122, Time: 00:32:30

Health: -1/70      AC:  7    Str: 15    XL:     9   Next: 1%
Magic:  9/9        EV: 13    Int: 16    God:    Wu Jian [**....]
Gold:   197        SH:  5    Dex: 17    Spells: 7/8 levels left

rFire   . . .      SeeInvis .     - Unarmed
rCold   . . .      Faith    .   (no shield)
rNeg    . . .      Spirit   .   (armour unavailable)
rPois   +          Reflect  +   (helmet restricted)
rElec   .          Harm     .   (no cloak)
rCorr   .          Rampage  .   (no gloves)
Will    +....                   (no boots)
Stlth   ++........              n - amulet of reflection
HPRegen 0.21/turn               i - ring of poison resistance
MPRegen 0.11/turn               u - +6 ring of intelligence

@: mighty, short of breath, flying
A: breathe power, AC +7, unfitting armour, cold-blooded
a: Breathe Dispelling Energy, Renounce Religion, Wall Jump


You were in a bailey.
You worshipped Wu Jian.
Wu Jian was pleased with you.
You visited 2 branches of the dungeon, and saw 10 of its levels.
You also visited: Bailey.

You collected 217 gold pieces.
You spent 20 gold pieces at shops.

Inventory:

Hand Weapons
 q - a +1 dagger of venom
 x - the +10 rapier of the Eleven Beasts {vorpal, rPois}
   (You found it on level 7 of the Dungeon)

   It inflicts extra damage upon your enemies.
   rPois:     It protects you from poison.
Missiles
 b - 20 sling bullets
 e - 2 poisoned darts (quivered)
 h - 137 stones
 v - 3 silver javelins
Magical Staves
 o - a staff of air
Jewellery
 i - a ring of poison resistance (left hand)
 n - an amulet of reflection (around neck)
 u - a +6 ring of intelligence (right hand)
Wands
 j - a wand of digging (2)
Scrolls
 a - a scroll of acquirement
 r - a scroll of teleportation {unknown}
 t - a scroll of vulnerability {unknown}
Potions
 d - a potion of degeneration
 g - a potion of heal wounds
 k - a potion of might
 l - 2 potions of resistance {unknown}
 m - a potion of curing {unknown}
 p - 2 potions of ambrosia {unknown}
 s - a potion of magic {unknown}
 w - a potion of brilliance


   Skills:
 - Level 3.2 Fighting
 - Level 2.6 Dodging
 - Level 1.7 Stealth
 * Level 12.1 Unarmed Combat


You had 7 spell levels left.
You knew the following spells:

 Your Spells              Type           Power      Damage    Failure   Level
a - Sandblast             Erth           0%         2d4       26%         1

Your spell library contained the following spells:

 Spells                   Type           Power      Damage    Failure   Level
 Passwall                 Tmut/Erth      0%         N/A       36%         2
 Dazzling Flash           Conj/Hex       0%         N/A       58%         3
 Stone Arrow              Conj/Erth      0%         3d7       58%         3
 Iskenderun's Mystic Bla  Conj/Tloc      0%         2d3       94%         4
 Starburst                Conj/Fire      0%         6d3       100%        6


Dungeon Overview and Level Annotations

Branches:
Dungeon (9/15)             Temple (1/1) D:7          Bailey (1/1)
   Lair: D:8-11         Orc: D:9-12

Altars:
Ashenzari
Cheibriados
Elyvilon
Fedhas
Gozag
Hepliaklqana
Kikubaaqudgha
Makhleb
Nemelex Xobeh
Okawaru
Ru
Sif Muna
Trog
Uskayaw
Vehumet
Wu Jian
Xom
Yredelemnul
Zin
The Shining One

Shops:
D:7 *

Annotations:
D:3 Jessica
D:5 3 runed translucent doors, oldriver's ghost, amateur OpWz
D:6 Eustachio
D:7 Menkaure
D:8 Harold


Innate Abilities, Weirdness & Mutations

You can breathe bolts of dispelling energy.
Your rich purple scales are hard. (AC +7)
You cannot fit into any form of body armour.
You are cold-blooded and may be slowed by cold attacks.


Message History

You kill the orc!
The Council accepts your kill.
Unknown command.
Okay, then.
Okay, then.
Okay, then.
Throw: 3 darts (poison)
Press: ? - help, Q - select action, (/) - cycle Shift-Dir - straight line, f/p - orc knight
Aim: an orc knight, wielding a +0 glaive and wearing a +0 chain mail (lightly wounded, 57% to hit)
You throw a poisoned dart.
The poisoned dart barely misses the orc knight.
Unknown command.
You lunge at the orc knight.
You barely miss the orc knight.
The orc knight is lightly wounded.
The orc knight hits you with a +0 glaive!
It was a potion of flight.
You feel very buoyant.
You fly up into the air.
The orc knight misses you.
It was a potion of might.
You feel very mighty all of a sudden. The orc knight misses you.
You punch the orc knight!
Your tail-slap misses the orc knight.
You punch the orc knight.
The orc knight is moderately wounded.
The orc knight hits you with a +0 glaive!
You punch the orc knight!
The orc knight is heavily wounded.
The orc knight hits you with a +0 glaive!!
* * * LOW HITPOINT WARNING * * *
Unknown command.
You hit the orc knight but do no damage.
Your tail-slap misses the orc knight.
The orc knight is heavily wounded.
The orc knight barely misses you.
You punch the orc knight! x2
The orc knight is almost dead.
You hit the orc knight but do no damage.
The orc knight is almost dead.
The orc knight hits you with a +0 glaive!
You die...

♣♣♣♣♣♣♣♣ ♣♣......♣♣
♣......).♣ #♣..∩..∩..♣#
#.....)....#
##..........##
#....).......###
#.♣............♣
###.♣♣...@...♣.♣..♣
♣♣........o.......≈≈
♣♣......#....#....≈≈≈#
♣...≈≈≈≈#....#≈≈≈≈≈≈≈
♣.≈≈≈≈≈≈#....#≈≈≈≈≈≈≈
♣≈≈≈≈≈≈≈#....#≈≈≈≈≈≈≈
≈≈≈≈≈≈≈≈≈#..(.#≈≈≈≈≈♣♣
#≈≈≈≈≈≈...#....#...♣♣♣♣
#≈≈≈≈............♣....♣#


You could see an orc knight.

Vanquished Creatures
  Prince Ribbit (D:7)
  3 yaks (D:7)
  A water moccasin (D:5)
  3 orc warriors (Bailey)
  A necrophage (D:5)
  3 phantoms
  A kobold brigand (D:6)
  A scorpion (D:6)
  A howler monkey (D:5)
  A centaur zombie (D:6)
  An electric eel (D:7)
  2 bullfrog zombies (D:5)
  2 hounds
  A jelly (D:5)
  2 orc priests
  2 iguanas
  A centaur skeleton (D:4)
  A scorpion zombie (D:5)
  An orc wizard (D:5)
  Terence (D:2)
  3 adders
  An adder skeleton (D:4)
  2 dart slugs (D:4)
  11 orcs
  4 endoplasms
  3 goblins
  A hobgoblin (D:4)
  9 kobolds
  A ball python (D:4)
65 creatures vanquished.

Vanquished Creatures (others)
  12 plants
12 creatures vanquished.

Grand Total: 77 creatures vanquished

Notes
Turn   | Place    | Note
-------+----------+-------------------------------------------
     0 | D:1      | Spectrina the Draconian Monk began the quest for the Orb.
     0 | D:1      | Reached XP level 1. HP: 19/19 MP: 1/1
    35 | D:2      | Reached XP level 2. HP: 5/26 MP: 2/2
    46 | D:3      | Noticed Jessica
   108 | D:2      | Found a white marble altar of Elyvilon.
   125 | D:2      | Noticed Terence
   134 | D:2      | Killed Terence
   135 | D:2      | Reached skill level 4 in Unarmed Combat
   135 | D:2      | Reached XP level 3. HP: 4/31 MP: 3/3
   379 | D:3      | Reached XP level 4. HP: 20/38 MP: 4/4
   399 | D:4      | Reached skill level 5 in Unarmed Combat
   519 | D:5      | Entered Level 5 of the Dungeon
   669 | D:4      | Noticed a black bear
  1155 | D:5      | Reached XP level 5. HP: 24/45 MP: 5/5
  1159 | D:5      | Found a runed translucent gate.
  1164 | D:5      | Found a runed translucent gate.
  1164 | D:5      | Found a runed translucent gate.
  1187 | D:5      | Noticed oldriver's ghost (amateur OpWz)
  1214 | D:6      | Noticed Eustachio
  1301 | D:5      | Reached skill level 6 in Unarmed Combat
  1372 | D:5      | Reached XP level 6. HP: 30/51 MP: 6/6
  1381 | D:5      | Reached skill level 7 in Unarmed Combat
  1402 | D:5      | Noticed a troll
  1412 | D:5      | Identified a scroll of acquirement
  1481 | D:4      | Learned a level 1 spell: Sandblast
  1735 | D:5      | Reached skill level 8 in Unarmed Combat
  1735 | D:5      | Your scales start taking on a rich purple colour.
  1735 | D:5      | Reached XP level 7. HP: 48/57 MP: 7/7
  1817 | D:7      | Noticed a yak
  1817 | D:7      | Noticed a yak
  1817 | D:7      | Noticed a yak
  1932 | D:5      | Reached skill level 9 in Unarmed Combat
  2068 | D:6      | Reached XP level 8. HP: 51/63 MP: 8/8
  2089 | D:7      | Noticed Prince Ribbit
  2106 | D:7      | Found a staircase to the Ecumenical Temple.
  2115 | Temple   | Entered the Ecumenical Temple
  2279 | Temple   | Upgraded the game from 0.29-a0-23-ga79f92ac9c to
                  | 0.29-a0-25-g7f48f510a0
  2312 | Temple   | Became a worshipper of the Wu Jian Council
  2312 | Temple   | Reached * piety under Wu Jian
  2312 | Temple   | Reached ** piety under Wu Jian
  2342 | Temple   | Upgraded the game from 0.29-a0-25-g7f48f510a0 to
                  | 0.29-a0-40-g8eb35efe60
  2398 | D:7      | Killed Prince Ribbit
  2399 | D:7      | Reached skill level 10 in Unarmed Combat
  2479 | D:7      | Noticed Menkaure
  2689 | D:7      | Reached skill level 11 in Unarmed Combat
  2744 | D:7      | Found Haoqok's CLEARANCE SALE!.
  2751 | D:7      | Bought a potion of brilliance for 20 gold pieces
  2770 | D:7      | Identified the +10 rapier of the Eleven Beasts {vorpal,
                  | rPois}
  2820 | D:8      | Noticed Harold
  2848 | D:9      | Found a flagged portal.
  2855 | Bailey   | Entered a bailey
  3100 | Bailey   | Reached skill level 12 in Unarmed Combat
  3100 | Bailey   | Reached XP level 9. HP: 62/70 MP: 9/9
  3100 | Bailey   | Noticed an orc knight
  3122 | Bailey   | Slain by an orc knight

Illustrated notes

Levels and vault maps discovered:
D:1:      shiori_arrival_maze, layout_basic, minmay_statues_item
D:2:      layout_basic, basic_altar, uniq_terence, uniq_sigmund
D:3:      layout_rooms, uniq_jessica
D:4:      layout_basic, corexii_hall_statues_l
D:5:      minmay_angry_zag, layout_loops_ring, gammafunk_ghost_icy,
          serial_bayou_pond_e
D:6:      layout_rooms, uniq_eustachio
D:7:      layout_gridville, minmay_temple_entry_junction_2, serial_bayou,
          serial_bayou_pond_c, serial_bayou_crossing, serial_bayou_ford_a,
          serial_bayou_pond_a, eino_small_chamber_without_monster,
          nicolae_shop_clearance, uniq_menkaure, uniq_prince_ribbit1, uniq_pikel
D:8:      layout_basic, serial_glass, glass_columns_b, glass_columns_b,
          glass_columns_a, glass_columns_c, glass_columns_a, glass_columns_c,
          glass_columns_b, glass_columns_a, glass_columns_c, glass_columns_a,
          minmay_strange_pillars, uniq_erica, uniq_harold
D:9:      layout_loops_cross, jmf_multi_god_temple2, david_lair_shrubbed,
          minmay_orc_entry_temple_small, enter_bailey_1, uniq_maggie
Temple:   mainiacjoe_temple_big_plus
Bailey:   bailey_polearm_elven_captive_hellmonk, bailey

Skill      XL: |  1  2  3  4  5  6  7  8 |
---------------+-------------------------+-----
Unarmed Combat | 4 5 6 8 9 12 | 12.1
Fighting       | |  3.2
Dodging        | |  2.6
Stealth        | |  1.7

Action                   |  1- 3 |  4- 6 |  7- 9 || total
-------------------------+-------+-------+-------++-------
Melee: Unarmed           |    38 |   130 |   113 ||   281
       Punch             |     5 |     9 |     8 ||    22
       Tailslap          |     6 |    18 |    23 ||    47
Throw: Dart              |     2 |     1 |    14 ||    17
       Stone             |       |       |     3 ||     3
       Javelin           |       |       |     2 ||     2
Invok: Lunge             |       |       |     4 ||     4
 Abil: Breathe Dispellin |       |       |    15 ||    15
       Wall Jump         |       |       |     1 ||     1
  Use: Potion            |     1 |       |     3 ||     4
       Scroll            |       |     4 |       ||     4
 Stab: Sleeping          |     1 |     7 |       ||     8
Armor: Skin              |     8 |    25 |    21 ||    54
Dodge: Dodged            |    16 |    51 |    42 ||   109
Block: Other             |       |    17 |     7 ||    24

Table legend: (Time is in decaauts)
 A = Elapsed time spent in this place.
 B = Non-inter-level travel time spent in this place.
 C = Inter-level travel time spent in this place.
 D = Time resting spent in this place.
 E = Time spent auto-exploring this place.
 F = Levels seen in this place.
 G = Mean time per level.
                   A        B        C        D        E       F      G
               +--------+--------+--------+--------+--------+-----+--------+
         Total |   3116 |   2948 |    168 |      0 |      0 |  11 |  283.3 |
       Dungeon |   2618 |   2479 |    139 |      0 |      0 |   9 |  290.9 |
        Temple |    227 |    198 |     29 |      0 |      0 |   1 |  227.0 |
        Bailey |    269 |    269 |      0 |      0 |      0 |   1 |  269.0 |
               +--------+--------+--------+--------+--------+-----+--------+

Top non-repeatable levels by time:
     D:4: 786 daAuts
     D:5: 553 daAuts
     D:7: 457 daAuts
     D:6: 307 daAuts
  Bailey: 269 daAuts
     D:2: 241 daAuts
  Temple: 227 daAuts
     D:3: 192 daAuts
     D:8: 64 daAuts
     D:1: 8 daAuts
     D:9: 6 daAuts
